 Dungeon Crawl Stone Soup version 0.29-a0-542-g075992c915 (webtiles) character file.

Game seed: 13133794272976537902

39 ytrimaz the Scratcher (level 3, -1/17 HPs)
             Began as a Felid Chaos Knight on June 5, 2022.
             Was a Plaything of Xom.
             Slain by a gnoll
             ... wielding a +0 whip
              (7 damage)
             ... on level 2 of the Dungeon.
             The game lasted 00:01:44 (1483 turns).

ytrimaz the Scratcher (Felid Chaos Knight)          Turns: 1483, Time: 00:01:44

Health: -1/17      AC:  1    Str:  8    XL:     3   Next: 28%
Magic:  4/4        EV: 18    Int: 13    God:    Xom [..*...]
Gold:   67         SH:  0    Dex: 17    Spells: 2/2 levels left
                                        Lives:  0   Deaths: 0

rFire   . . .      SeeInvis +     - Unarmed
rCold   . . .      Faith    .   (shield unavailable)
rNeg    . . .      Spirit   .   (body armour unavailable)
rPois   .          Reflect  .   (helmet unavailable)
rElec   .          Harm     .   (cloak unavailable)
rCorr   .          Rampage  .   (gloves unavailable)
Will    .....                   (boots unavailable)
Stlth   ++........              (no amulet)
HPRegen 0.05/turn               (no ring)
MPRegen 0.09/turn               (no ring)

@: quick
A: very small, claws 1, fangs 3, see invisible, speed 1, shaggy fur 1, stealthy
paws, no weapons or thrown items, no armour, multi-lived
a: Renounce Religion


You were on level 2 of the Dungeon.
You worshipped Xom.
You were a toy of Xom.
You visited 1 branch of the dungeon, and saw 2 of its levels.

You collected 67 gold pieces.

Inventory:

Scrolls
 d - 3 scrolls of immolation
 e - a scroll of vulnerability
 g - a scroll of fog
Potions
 c - 2 potions of brilliance
 f - a potion of degeneration
Miscellaneous
 a - a piece from Xom's chessboard (8/15) (quivered)


   Skills:
 - Level 3.0 Fighting
 + Level 3.6 Dodging
 * Level 2.1 Stealth
 + Level 3.8 Unarmed Combat


You had 2 spell levels left.
You didn't know any spells.
Your spell library contained the following spells:

 Spells                   Type           Power      Damage    Failure   Level
 Summon Forest            Summ/Tloc      0%         N/A       100%        5
 Eringya's Noxious Bog    Tmut/Pois      0%         N/A       100%        6
 Summon Hydra             Summ           0%         N/A       100%        7


Dungeon Overview and Level Annotations

Branches:
Dungeon (2/15)

Altars:


Innate Abilities, Weirdness & Mutations

You have sharp claws.
You have razor-sharp teeth.
You have supernaturally acute eyesight. (SInv)
You cover ground quickly. (Speed+)
You are covered in fur. (AC +1)
Your paws help you pounce on unaware monsters.
You are incapable of wielding weapons or throwing items.
You cannot wear armour.
You gain extra lives every three experience levels.


Message History

A bat comes into view.
There are monsters nearby!
There are monsters nearby!
A gnoll comes into view. It is wielding a +0 flail.
You make a move on Xom's chessboard...
The gnoll is moving more slowly.
You make a move on Xom's chessboard...
The bat is moving more slowly.
The bat closely misses you.
You make a move on Xom's chessboard...
The gnoll resists with significant effort.
The bat hits you but does no damage.
A gnoll comes into view. It is wielding a +0 whip.
You make a move on Xom's chessboard...
The gnoll resists with significant effort.
The gnoll closely misses you.
The gnoll shouts!
You claw the gnoll! You bite the gnoll.
The gnoll is severely wounded.
You hear an angry hiss.
The gnoll stops moving altogether!
The gnoll hits you with a +0 whip.
You scratch the gnoll.
The gnoll is almost dead.
The gnoll closely misses you.
You scratch the gnoll.
You kill the gnoll!
The bat closely misses you. x2
Your Stealth skill increases to level 2!
You scratch the bat but do no damage.
The bat stops moving altogether!
You pounce on the unaware helpless bat!
You claw the bat!
You kill the bat!
A ball python comes into view.
You barely miss the gnoll.
An endoplasm comes into view.
A gnoll comes into view. It is wielding a +0 flail.
The gnoll misses you.
You barely miss the gnoll. The gnoll hits you with a +0 whip!
The ball python hisses angrily.
The gnoll shouts!
You scratch the gnoll.
The gnoll is moderately wounded.
The gnoll hits you with a +0 whip!
You die...

.# #.## # #.g. #.
S.. #.#. .g# #...
J.# #...# ##g######
#..#.###@.......
#..##...#.######
######..###.##.#
.>..........# .#
##.....†##.#
##.###....####
#...........#
#######.####.......
........# #.###.#


You could see 3 gnolls, an endoplasm and a ball python.

Vanquished Creatures
  A gnoll (D:2)
  A dart slug (D:1)
  3 bats
  4 endoplasms
  2 giant cockroaches (D:1)
  2 goblins (D:1)
  3 hobgoblins
  2 jackals (D:1)
  A kobold (D:1)
  A quokka (D:1)
  2 ball pythons (D:1)
  2 frilled lizards (D:1)
24 creatures vanquished.

Notes
Turn   | Place    | Note
-------+----------+-------------------------------------------
     0 | D:1      | ytrimaz the Felid Chaos Knight began the quest for the Orb.
     0 | D:1      | Reached XP level 1. HP: 10/10 MP: 2/2
    50 | D:1      | XOM: butterfly on damage
   184 | D:1      | Reached skill level 1 in Stealth
   191 | D:1      | Reached XP level 2. HP: 8/14 MP: 3/3
   302 | D:1      | XOM: divination: detect creatures
   528 | D:1      | XOM: divination: magic mapping
   776 | D:1      | XOM: silly message
  1090 | D:1      | XOM: noise
  1430 | D:2      | Reached XP level 3. HP: 15/17 MP: 4/4
  1483 | D:2      | Slain by a gnoll

Illustrated notes

Levels and vault maps discovered:
D:1:      sevenhm_arrival_forest_fort_small_4, layout_basic, minmay_quantized
D:2:      layout_loops_ring, serial_shops, nicolae_shop_waterfront

Skill      XL: |  1  2  3 |
---------------+----------+-----
Stealth        | 1 2 |  2.1
Fighting       | |  3.0
Dodging        | |  3.6
Unarmed Combat | |  3.8

Action                   || total
-------------------------++-------
Melee: Unarmed           ||    76
       Bite              ||     4
Evoke: Piece from Xom's  ||     8
  Use: Scroll            ||     5
 Stab: Sleeping          ||     2
       Petrified         ||     1
Armor: Skin              ||     4
Dodge: Dodged            ||    63

Table legend: (Time is in decaauts)
 A = Elapsed time spent in this place.
 B = Non-inter-level travel time spent in this place.
 C = Inter-level travel time spent in this place.
 D = Time resting spent in this place.
 E = Time spent auto-exploring this place.
 F = Levels seen in this place.
 G = Mean time per level.
                   A        B        C        D        E       F      G
               +--------+--------+--------+--------+--------+-----+--------+
         Total |   1344 |   1291 |     53 |     33 |   1046 |   2 |  672.0 |
       Dungeon |   1344 |   1291 |     53 |     33 |   1046 |   2 |  672.0 |
               +--------+--------+--------+--------+--------+-----+--------+

Top non-repeatable levels by time:
     D:1: 1085 daAuts
     D:2: 259 daAuts
